 Dungeon Crawl Stone Soup version 0.28-a0-249-g9004c80361 (webtiles) character file.

Game seed: 16579332930202952778

16 sdmvl the Digger (level 2, -3/15 HPs)
             Began as a Gargoyle Earth Elementalist on Aug 26, 2021.
             Slain by Jessica (5 damage)
             ... on level 2 of the Dungeon.
             The game lasted 00:01:24 (241 turns).

sdmvl the Digger (Gargoyle Earth Elementalist)       Turns: 241, Time: 00:01:25

Health: -3/15      AC:  5    Str: 11    XL:     2   Next: 58%
Magic:  0/5        EV: 11    Int: 15    God:
Gold:   15         SH:  0    Dex: 10    Spells: 5/6 levels left

rFire   . . .      SeeInvis .   f - +0 dagger (speed)
rCold   . . .      Faith    .   (no shield)
rNeg    + . .      Spirit   .   a - +0 leather armour
rPois   ∞          Reflect  .   (no helmet)
rElec   +          Harm     .   (no cloak)
rCorr   .          Rampage  .   (no gloves)
Will    .....                   (no boots)
Stlth   ++........              (no amulet)
HPRegen 0.05/turn               (no ring)
MPRegen 0.09/turn               (no ring)

@: brilliant, slowed, very slow
A: sickness immunity, AC +2, negative energy resistance 1, electricity
resistance, torment resistance 1, petrification resistance
a: no special abilities


You were on level 2 of the Dungeon.
You visited 1 branch of the dungeon, and saw 2 of its levels.

You collected 15 gold pieces.

Inventory:

Hand Weapons
 d - a +0 dagger
 f - a +0 dagger of speed (weapon)
Missiles
 c - 42 stones
Armour
 a - a +0 leather armour (worn)
 b - a +0 robe


   Skills:
 - Level 1.5 Dodging
 - Level 2.1 Stealth
 + Level 2.5 Spellcasting
 - Level 0.7 Transmutations
 + Level 4.2 Earth Magic


You had 5 spell levels left.
You knew the following spells:

 Your Spells              Type           Power      Damage    Failure   Level
a - Sandblast             Erth           42%        2d11      4%          1

Your spell library contained the following spells:

 Spells                   Type           Power      Damage    Failure   Level
 Passwall                 Tmut/Erth      10%        N/A       16%         2
 Stone Arrow              Conj/Erth      24%        3d8       34%         3
 Petrify                  Tmut/Erth      13%        N/A       69%         4


Dungeon Overview and Level Annotations

Branches:
Dungeon (1/15)

Altars:

Annotations:
D:2 Jessica


Innate Abilities, Weirdness & Mutations

You are immune to sickness and miasma.
Your stone body is resilient. (AC +2)
You are immune to poison.
You resist negative energy. (rN+)
You are resistant to electric shocks. (rElec)
You are resistant to unholy torment.
You are immune to petrification.


Message History

Jessica is almost dead.
Jessica casts a spell.
Jessica blinks!
Unknown command.
Unknown command.
Casting: Sandblast (safe; 4% risk of failure)
Confirm with . or Enter, or press ? or * to list all spells.
Aiming: Sandblast (safe; 4% risk of failure)
Press: ? - help, Shift-Dir - straight line, f - Jessica
Aim: Jessica, wielding a +0 club and wearing a +0 robe (almost dead, 79% to hit)
The blast of sand hits Jessica but does no damage.
Jessica is almost dead.
Unknown command.
Casting: Sandblast (safe; 4% risk of failure)
Confirm with . or Enter, or press ? or * to list all spells.
Aiming: Sandblast (safe; 4% risk of failure)
Press: ? - help, Shift-Dir - straight line, f/p - Jessica
Aim: Jessica, wielding a +0 club and wearing a +0 robe (almost dead, 79% to hit)
The blast of sand hits Jessica but does no damage.
Jessica is almost dead.
Jessica hits you with a +0 club.
Casting: Sandblast (safe; 4% risk of failure)
Confirm with . or Enter, or press ? or * to list all spells.
You don't have enough magic to cast this spell.
Unknown command.
Unknown command.
It was a potion of brilliance.
You feel clever all of a sudden. Jessica closely misses you.
Jessica points at you and mumbles some strange words.
Pain shoots through your body!
* * * LOW HITPOINT WARNING * * *
Unknown command.
You barely miss Jessica.
Jessica is almost dead.
Jessica closely misses you.
You closely miss Jessica.
Jessica is almost dead.
Jessica hits you with a +0 club.
You die...

....##..####.....
#..........####
#.#####.......# #
#....##.#
#.....#.#####
#.......8...#
#.....[8.8..##
#........##.8@..8..#
#.##.###.##8..@..8.#
# #.##.8...8..#
#.#...8.8...#
#......8.....#
......#####...#
##.###.# ....# #. #.
>... .. ..# ###


You could see Jessica.

Vanquished Creatures
  An adder (D:2)
  A ball python (D:2)
  An endoplasm (D:1)
  2 goblins (D:2)
  A hobgoblin (D:2)
  A rat (D:2)
7 creatures vanquished.

Vanquished Creatures (others)
  A withered plant (D:2)
1 creature vanquished.

Grand Total: 8 creatures vanquished

Notes
Turn   | Place    | Note
-------+----------+-------------------------------------------
     0 | D:1      | sdmvl the Gargoyle Earth Elementalist began the quest for
                  | the Orb.
     0 | D:1      | Reached XP level 1. HP: 10/10 MP: 3/3
    35 | D:1      | You fall into a shaft and drop 1 floor!
    40 | D:2      | Reached skill level 4 in Earth Magic
    40 | D:2      | Reached XP level 2. HP: 15/15 MP: 0/5
   134 | D:2      | Found Hefuoc's Weapon Boutique.
   225 | D:2      | Noticed Jessica
   241 | D:2      | Slain by Jessica

Illustrated notes

Levels and vault maps discovered:
D:1:      dpeg_arrival_pits, layout_basic, chequers_serial_rivers_small_3
D:2:      minmay_chambers_of_ones, layout_loops_ring, basic_altar, serial_shops,
          nicolae_diamond_shop, ebering_ecumenical_altar_petrified, uniq_jessica

Skill      XL: |  1 |
---------------+----+-----
Earth Magic    | 4 |  4.2
Dodging        | |  1.5
Stealth        | |  2.1
Spellcasting   | |  2.5
Transmutations | |  0.7

Action                   || total
-------------------------++-------
Melee: Dagger            ||    18
 Cast: Sandblast         ||    10
  Use: Potion            ||     1
Armor: Leather armour    ||     6
Dodge: Dodged            ||    11

Table legend: (Time is in decaauts)
 A = Elapsed time spent in this place.
 B = Non-inter-level travel time spent in this place.
 C = Inter-level travel time spent in this place.
 D = Time resting spent in this place.
 E = Time spent auto-exploring this place.
 F = Levels seen in this place.
 G = Mean time per level.
                   A        B        C        D        E       F      G
               +--------+--------+--------+--------+--------+-----+--------+
         Total |    242 |    242 |      0 |     75 |     68 |   2 |  121.0 |
       Dungeon |    242 |    242 |      0 |     75 |     68 |   2 |  121.0 |
               +--------+--------+--------+--------+--------+-----+--------+

Top non-repeatable levels by time:
     D:2: 207 daAuts
     D:1: 35 daAuts
